 Dungeon Crawl Stone Soup version 0.31.0-11-ge490571c62 (webtiles) character file.

Game seed: 7841274769090473518

2261 ezpacito the Chopper (level 9, -3/68 HPs)
             Began as a Demonspawn Berserker on Jan 29, 2024.
             Was a Priest of Trog.
             Killed from afar by a steam dragon (11 damage)
             ... with a ball of steam
             ... on level 7 of the Dungeon.
             The game lasted 00:08:13 (5308 turns).

ezpacito the Chopper (Demonspawn Berserker)         Turns: 5308, Time: 00:08:14

Health: -3/68      AC:  9    Str: 19    XL:     9   Next: 15%
Magic:  9/9        EV: 13    Int:  7    God:    Trog [***...]
Gold:   376        SH:  0    Dex: 16    Spells: 8/8 levels left

rFire   . . .        a - +1 hand axe (elec)
rCold   + + +        (no shield)
rNeg    . . .        i - +4 skin of Zhor {*Englaciate rC+++ SInv}
rPois   .            (helmet restricted)
rElec   .            (no cloak)
rCorr   +            (no gloves)
SInv    +            (no boots)
Will    .....        (no amulet)
Stlth   +++          b - ring of resist corrosion
HPRegen 0.31/turn    x - +4 ring of slaying
MPRegen 0.11/turn

%: no passive effects
@: no status effects
A: antennae 1, slimy green scales 2, demonic guardian 1, powered by pain 2
a: Renounce Religion, Berserk, Trog's Hand


You were on level 7 of the Dungeon.
You worshipped Trog.
Trog was most pleased with you.
You visited 1 branch of the dungeon, and saw 7 of its levels.

You collected 376 gold pieces.

Inventory:

Hand Weapons
 a - a +1 hand axe of electrocution (weapon)
 g - a +1 dagger of venom
 k - a +1 hand axe
 m - a +1 hand axe of freezing
 z - a +0 war axe
 B - a +4 heavy flail
Missiles
 j - 4 javelins
 p - 2 poisoned darts
 r - 5 atropa-tipped darts
 K - a throwing net
Armour
 i - the +4 skin of Zhor (worn) {*Englaciate rC+++ SInv}
   (You found it on level 2 of the Dungeon)

   *Englaciate: It radiates cold, occasionally slowing all nearby creatures who
   are not resistant to cold.
   rC+++:     It renders you almost immune to cold.
   SInv:      It lets you see invisible.
 H - a +0 pair of gloves
 I - the +1 chain mail of Starshine {rElec}
   (You found it on level 6 of the Dungeon)

   rElec:     It insulates you from electricity.
Jewellery
 b - a ring of resist corrosion (left hand)
 c - a ring of flight
 q - a ring of protection from fire
 x - a +4 ring of slaying (right hand)
 F - a +5 ring of evasion
 L - a ring of willpower
Talismans
 G - a blade talisman
 N - a maw talisman
Wands
 A - a wand of flame (12)
 D - a wand of charming (12)
Scrolls
 f - a scroll of vulnerability
 h - 3 scrolls of teleportation
 n - a scroll of enchant weapon
 v - a scroll of noise
 w - a scroll of silence
 y - a scroll of immolation
 C - 2 scrolls of enchant armour
Potions
 d - a potion of curing
 e - 2 potions of haste
 l - a potion of berserk rage
 o - a potion of heal wounds
 t - 3 potions of enlightenment
 J - 2 potions of brilliance {unknown}
 M - a potion of attraction {unknown}


   Skills:
 * Level 5.5 Fighting
 * Level 7.8 Axes
 * Level 3.7 Armour
 * Level 3.7 Dodging
 * Level 4.2 Stealth
 * Level 3.2 Unarmed Combat


You had 8 spell levels left.
You didn't know any spells.
Your spell library was empty.

Dungeon Overview and Level Annotations

Branches:
Dungeon (7/15)
 Temple: D:4-7

Altars:
Ashenzari
Gozag
Hepliaklqana
Sif Muna
Trog
Uskayaw


Innate Abilities, Weirdness & Mutations

You have a pair of small antennae on your head.
You are mostly covered in slimy green scales. (AC +3)
A weak demonic guardian rushes to your aid.
You sometimes gain power by taking damage.


Message History

The ball of steam hits you!!
No target in view!
No target in view!
No target in view!
No target in view!
No target in view!
No target in view!
No target in view!
No target in view!
You are engulfed in a cloud of scalding steam.
You are engulfed in a cloud of scalding steam.
You are engulfed in a cloud of scalding steam.
The steam dragon completely misses you. The steam dragon claws you.
You barely miss the steam dragon.
You are engulfed in a cloud of scalding steam.
You barely miss the steam dragon.
You are engulfed in a cloud of scalding steam.
A demonic guardian appears!
The steam dragon is no longer moving slowly.
The steam dragon barely misses you. x2
You hit the steam dragon. You punch the steam dragon.
The steam dragon is moderately wounded.
You are engulfed in a cloud of scalding steam.
* * * LOW HITPOINT WARNING * * *
The steam dragon bites you!
* * * LOW HITPOINT WARNING * * *
The steam dragon closely misses you.
You swap places.
Your white imp gestures at the steam dragon.
The puff of frost misses the steam dragon.
The steam dragon bites your white imp.
The steam dragon claws your white imp but does no damage.
Your white imp gestures at the steam dragon.
The puff of frost misses the steam dragon.
The steam dragon breathes steam at you. The ball of steam hits your white imp!
Your white imp dies!
Your white imp disappears in a puff of smoke!
The ball of steam hits you!
You die...

.......# #.# .......# #.#
.......# #.# ..####.# #.#
.## #.# #.# .# #.# ## #.#
### # #.# #.############# #
#.# #....@§§D.....^ # #.#
#.############### # #.#
#...............#
######.###################.#
.....#...............# #.#
####.###############.# #.#
#.# #.# #.# #.# #.#####.#
####.# #.......#


There were no monsters in sight!

Vanquished Creatures
  A hornet (D:7)
  Edmund (D:5)
  2 orc warriors (D:6)
  3 ogres
  2 centaurs (D:6)
  3 ice beasts
  2 black bears
  2 scorpions (D:5)
  3 wights (D:7)
  A bombardier beetle (D:3)
  3 hounds
  A jelly (D:5)
  2 orc priests (D:6)
  A sleepcap (D:6)
  Terence (D:2)
  7 iguanas
  Ijyb (D:5)
  6 adders
  2 shadow imps (D:5)
  A white imp (D:6)
  2 dart slugs
  2 ribbon worms
  13 orcs
  3 ball pythons
  3 bats (D:1)
  5 endoplasms
  A giant cockroach (D:1)
  7 hobgoblins
  7 jackals
  2 quokkas (D:3)
  2 frilled lizards
  5 goblins
  12 kobolds
  5 rats
114 creatures vanquished.

Notes
Turn   | Place    | Note
-------+----------+-------------------------------------------
     0 | D:1      | ezpacito the Demonspawn Berserker began the quest for the
                  | Orb.
     0 | D:1      | Reached XP level 1. HP: 18/18 MP: 1/1
   133 | D:1      | Gained mutation: You sometimes gain a little power by
                  | taking damage. [demonic ancestry]
   133 | D:1      | Reached XP level 2. HP: 18/24 MP: 2/2
   138 | D:1      | Reached skill level 3 in Axes
   395 | D:1      | Reached ** piety under Trog
   396 | D:1      | Reached XP level 3. HP: 5/29 MP: 3/3
   808 | D:2      | Found the +4 skin of Zhor {*Englaciate rC+++ SInv}
  1194 | D:2      | Noticed Terence
  1202 | D:2      | Killed Terence
  1456 | D:2      | Reached XP level 4. HP: 35/35 MP: 4/4
  1918 | D:3      | Reached skill level 1 in Unarmed Combat
  1955 | D:3      | Noticed an ogre
  1965 | D:3      | Killed an ogre
  1966 | D:3      | Reached skill level 4 in Axes
  1966 | D:3      | Reached skill level 1 in Stealth
  1966 | D:3      | Gained mutation: You are partially covered in slimy green
                  | scales. (AC +2) [demonic ancestry]
  1966 | D:3      | Reached XP level 5. HP: 42/42 MP: 5/5
  2745 | D:4      | Found a shimmering blue altar of Sif Muna.
  2830 | D:4      | Gained mutation: You sometimes gain power by taking damage.
                  | [demonic ancestry]
  2830 | D:4      | Reached XP level 6. HP: 38/48 MP: 6/6
  2955 | D:4      | Found a hazy altar of Hepliaklqana.
  3499 | D:5      | Entered Level 5 of the Dungeon
  3536 | D:5      | Noticed Edmund
  3545 | D:5      | Killed Edmund
  3546 | D:5      | Reached skill level 5 in Axes
  3546 | D:5      | Gained mutation: A weak demonic guardian rushes to your
                  | aid. [demonic ancestry]
  3546 | D:5      | Reached XP level 7. HP: 54/54 MP: 7/7
  3920 | D:5      | Noticed Ijyb
  3930 | D:5      | Killed Ijyb
  4181 | D:5      | Found an opulent altar of Gozag.
  4272 | D:6      | Reached skill level 6 in Axes
  4272 | D:6      | Gained mutation: You have a pair of small antennae on your
                  | head. [demonic ancestry]
  4272 | D:6      | Reached XP level 8. HP: 51/61 MP: 8/8
  4317 | D:6      | Identified the +1 chain mail of Starshine {rElec}
  4397 | D:6      | Reached skill level 5 in Fighting
  4398 | D:6      | Reached *** piety under Trog
  4514 | D:6      | Reached skill level 7 in Axes
  4634 | D:6      | Found a broken altar of Ashenzari.
  4886 | D:7      | Gained mutation: You are mostly covered in slimy green
                  | scales. (AC +3) [demonic ancestry]
  4886 | D:7      | Reached XP level 9. HP: 68/68 MP: 9/9
  5079 | D:7      | Found a hide-covered altar of Uskayaw.
  5090 | D:7      | Found a bloodstained altar of Trog.
  5096 | D:7      | Paralysed by a hornet for 2 turns
  5101 | D:7      | Paralysed by a hornet for 3 turns
  5308 | D:7      | Killed from afar by a steam dragon

Illustrated notes

Levels and vault maps discovered:
D:1:      psy_arrival_whirlpool, layout_rooms, minmay_tromino_v2
D:2:      layout_basic, glass_columns_b, grunt_ministairs_2,
          kennysheep_big_empty_room, uniq_terence
D:3:      kennysheep_big_flooded_room, layout_basic
D:4:      layout_layer_cave, nicolae_sif_muna_condensation,
          mainiacjoe_overflow_cross_hatched
D:5:      layout_cave_pools, grunt_temple_overflow_gold_and_silver, uniq_edmund,
          uniq_ijyb
D:6:      layout_rooms, kennysheep_mini_moat, minmay_tree_intersection
D:7:      layout_basic, jmf_multi_god_temple2, temple_statues, serial_shops,
          shop

Skill      XL: |  1  2  3  4  5  6  7  8 |
---------------+-------------------------+-----
Axes           | 3 4 5 6 7 |  7.8
Dodging        | 2 3 |  3.7
Armour         | 2 3 |  3.7
Unarmed Combat | 1 2 3 |  3.2
Stealth        | 1 2 3 4 |  4.2
Fighting       | 4 5 |  5.5

Action                     |  1- 3 |  4- 6 |  7- 9 || total
---------------------------+-------+-------+-------++-------
  Melee: Hand axe          |    77 |   110 |   116 ||   303
         Punch             |     2 |     2 |     4 ||     8
 Invoke: Berserk           |     3 |     2 |     6 ||    11
    Use: Potion            |     2 |       |       ||     2
         Scroll            |     4 |       |     9 ||    13
   Stab: Sleeping          |       |     8 |     4 ||    12
 Armour: Animal skin       |    41 |    51 |    75 ||   167
         Ring mail         |     5 |       |       ||     5
  Dodge: Dodged            |    55 |    45 |    51 ||   151
